 Dungeon Crawl Stone Soup version 0.30-a0-347-gf58ed5266c (webtiles) character file.

Game seed: 2526590089864678771

73 greenreed the Shooter (level 4, 0/33 HPs)
             Began as a Demonspawn Hunter on Nov 5, 2022.
             Killed by divine providence
             ... invoked by an orc priest
              (15 damage)
             ... on level 3 of the Dungeon.
             The game lasted 00:03:16 (1400 turns).

greenreed the Shooter (Demonspawn Hunter)           Turns: 1400, Time: 00:03:18

Health: 0/33       AC:  6    Str: 12    XL:     4   Next: 8%
Magic:  4/4        EV: 12    Int: 10    God:
Gold:   164        SH:  0    Dex: 18    Spells: 3/3 levels left

rFire   . . .      SeeInvis .    a - +0 shortbow
rCold   . . .      Faith    .    (shield currently unavailable)
rNeg    . . .      Spirit   .    c - +0 leather armour
rPois   .          Reflect  .    i - +0 helmet
rElec   .          Harm     .    (no cloak)
rCorr   .          Rampage  .    (no gloves)
Will    .....                    (no boots)
Stlth   ++........               (no amulet)
HPRegen 0.25/turn                (no ring)
MPRegen 0.09/turn                (no ring)

@: no status effects
A: icy blue scales 1, demonic guardian 1
a: no special abilities


You were on level 3 of the Dungeon.
You visited 1 branch of the dungeon, and saw 3 of its levels.

You collected 164 gold pieces.

Inventory:

Hand Weapons
 a - a +0 shortbow (weapon)
Armour
 c - a +0 leather armour (worn)
 i - a +0 helmet (worn)
Jewellery
 l - an amulet of the acrobat
Scrolls
 b - a scroll of immolation
 f - a scroll of teleportation {unknown}
 g - a scroll of vulnerability {unknown}
 h - a scroll of silence {unknown}
 j - 2 scrolls of identify {unknown}
 k - a scroll of poison {unknown}
Potions
 d - a potion of flight {unknown}
 e - 3 potions of curing {unknown}
 m - a potion of degeneration {unknown}
 n - a potion of ambrosia {unknown}


   Skills:
 + Level 2.0 Fighting
 + Level 5.0 Ranged Weapons
 + Level 0.7 Armour
 + Level 1.8 Dodging
 + Level 0.8 Stealth


You had 3 spell levels left.
You didn't know any spells.
Your spell library contained the following spells:

 Spells                   Type           Power      Damage    Failure   Level
 Cigotuvi's Dreadful Rot  Necr/Pois/Air  0%         N/A       58%         2
 Poisonous Vapours        Pois/Air       0%         N/A       58%         2
 Mephitic Cloud           Conj/Pois/Air  0%         N/A       82%         3


Dungeon Overview and Level Annotations

Branches:
Dungeon (3/15)

Altars:
Kikubaaqudgha

Shops:
D:1 !


Innate Abilities, Weirdness & Mutations

You are partially covered in icy blue scales. (AC +2)
A weak demonic guardian rushes to your aid.


Message History

An orc priest comes into view. It is wielding a +0 short sword.
You shoot an arrow.
The arrow hits the orc but does no damage.
You shoot an arrow. The arrow hits the orc.
The orc is heavily wounded.
You shoot an arrow. The arrow barely misses the orc.
You shoot an arrow. The arrow hits the orc!
You kill the orc!
You shoot an arrow. The arrow barely misses the orc priest.
You shoot an arrow. The arrow hits the orc.
The orc is almost dead.
The orc misses you. The orc closely misses you.
You shoot an arrow. The arrow barely misses the orc.
The orc hits you from afar with a +0 trident.
You shoot an arrow.
The arrow hits the orc but does no damage.
The orc is severely wounded.
The orc misses you.
You shoot an arrow.
The arrow hits the orc but does no damage.
The orc is severely wounded.
The orc hits you but does no damage. The orc barely misses you.
You shoot an arrow. The arrow closely misses the orc.
The orc hits you from afar with a +0 trident.
You shoot an arrow.
The arrow hits the orc but does no damage.
The orc is severely wounded.
The orc hits you from afar with a +0 trident.
The orc priest calls down the wrath of Beogh upon you.
Beogh smites you!
* * * LOW HITPOINT WARNING * * *
An orc comes into view. It is wielding a +0 hand axe.
The orc priest invokes the aid of Beogh against you.
You barely resist.
You see here 5 stones.
The orc priest calls upon Beogh to heal the orc.
The orc's wounds heal themselves!
The orc priest mumbles some strange prayers to Beogh against you.
Beogh smites you!
You die...

.##### #.# #.≈≈≈§§≈..#
.##.. #.#####.≈≈§≈≈≈..#
.##.# #.##............#
.##.# ##.##.........#..#
....####..##...........##
...o..o..o...........###
...#####.###.........#
##.#.....# #.........#
##...#######..o.@....#
#...## ##....####.####
...## #..#### #.# .#.#
###.## #.# .#.###...#
#.## .#.....### #..#
....#### ##.# )...# #.#
#.†.# #.#


You could see an orc priest and an orc.

Vanquished Creatures
  An iguana (D:3)
  2 adders (D:2)
  An orc (D:3)
  2 endoplasms
  2 goblins
  2 hobgoblins
  2 quokkas
  6 ball pythons
  3 bats
  5 frilled lizards
  A kobold (D:2)
  3 rats (D:3)
30 creatures vanquished.

Vanquished Creatures (collateral kills)
  An endoplasm (D:2)
1 creature vanquished.

Grand Total: 31 creatures vanquished

Notes
Turn   | Place    | Note
-------+----------+-------------------------------------------
     0 | D:1      | greenreed the Demonspawn Hunter began the quest for the
                  | Orb.
     0 | D:1      | Reached XP level 1. HP: 16/16 MP: 1/1
   143 | D:1      | Found Kifawk's Distillery.
   210 | D:1      | Reached skill level 4 in Ranged Weapons
   210 | D:1      | Gained mutation: A weak demonic guardian rushes to your
                  | aid. [demonic ancestry]
   210 | D:1      | Reached XP level 2. HP: 22/22 MP: 2/2
   697 | D:2      | Gained mutation: You are partially covered in icy blue
                  | scales. (AC +2) [demonic ancestry]
   697 | D:2      | Reached XP level 3. HP: 25/27 MP: 3/3
  1263 | D:3      | Found an ancient bone altar of Kikubaaqudgha.
  1333 | D:3      | Reached skill level 5 in Ranged Weapons
  1333 | D:3      | Reached XP level 4. HP: 33/33 MP: 4/4
  1400 | D:3      | Killed from afar by an orc priest

Illustrated notes

Levels and vault maps discovered:
D:1:      psy_arrival_fountain, layout_basic, serial_shops, shop
D:2:      layout_loops_ring
D:3:      layout_rooms, general_overflow_altar

Skill      XL: |  1  2  3 |
---------------+----------+-----
Ranged Weapons | 4 5 |  5.0
Fighting       | |  2.0
Armour         | |  0.7
Dodging        | |  1.8
Stealth        | |  0.8

Action                   |  1- 3 |  4- 6 || total
-------------------------+-------+-------++-------
 Fire: Shortbow          |    70 |    14 ||    84
Armor: Leather armour    |     5 |     1 ||     6
Dodge: Dodged            |     9 |     4 ||    13

Table legend: (Time is in decaauts)
 A = Elapsed time spent in this place.
 B = Non-inter-level travel time spent in this place.
 C = Inter-level travel time spent in this place.
 D = Time resting spent in this place.
 E = Time spent auto-exploring this place.
 F = Levels seen in this place.
 G = Mean time per level.
                   A        B        C        D        E       F      G
               +--------+--------+--------+--------+--------+-----+--------+
         Total |   1426 |   1404 |     22 |      0 |   1196 |   3 |  475.3 |
       Dungeon |   1426 |   1404 |     22 |      0 |   1196 |   3 |  475.3 |
               +--------+--------+--------+--------+--------+-----+--------+

Top non-repeatable levels by time:
     D:1: 633 daAuts
     D:2: 589 daAuts
     D:3: 203 daAuts
